Map: Eternal Empire LE

Players

IIIIIIIIIIII - Winner!

  • Race: Zerg Zerg
  • Spawn Location: 1:00

Angry

  • Race: Terran Terran
  • League: Master
  • Spawn Location: 7:00

VOD

Have the link to the VOD?

Description

Time

  • Played on: April 27, 2020, 4:32 p.m.
  • Length: 10:59
Show
View Real Time Build Order
Export as new Build Order

IIIIIIIIIIII Zerg - Winner!

Build Orders: Hatch First, Muta Ling Bane 

Get SALT Encoding   

  12  0:00  Drone  
  13  0:10  Drone  
  14  0:14  Extractor  
  14  0:15  Drone  
  15  0:38  Hatchery  
  14  0:42  Extractor  
  14  0:43  Drone  
  14  0:49  Overlord  
  15  1:05  Spawning Pool  
  15  1:07  Drone  
  15  1:11  Drone  
  15  1:14  Drone  
  17  1:19  Drone  
  18  1:28  Extractor  
  17  1:35  Drone  
  17  1:39  Drone  
  19  1:51  Drone  
  19  1:52  Drone  
  21  1:55  Queen x2  
  25  2:02  Drone x2  
  27  2:11  Overlord  
  27  2:13  Drone  
  28  2:28  Metabolic Boost  
  28  2:34  Queen x2  
  32  2:38  Overlord  
  32  2:40  Drone  
  32  2:43  Drone  
  32  2:44  Drone  
  35  2:46  Drone  
  36  2:55  Overlord  
  36  3:01  Drone x2  
  36  3:04  Drone x4  
  42  3:08  Drone  
  42  3:09  Drone  
  44  3:18  Lair  
  44  3:25  Zergling x4, Extractor  
  44  3:26  Overlord  
  45  3:30  Drone  
  45  3:31  Drone  
  47  3:36  Drone x5  
  52  3:41  Overlord  
  52  3:54  Drone x4  
  56  4:01  Hatchery  
  55  4:03  Extractor x2  
  55  4:06  Baneling Nest  
  55  4:08  Drone x2  
  55  4:09  Zergling x6  
  57  4:23  Spire  
  56  4:26  Drone x5  
  61  4:35  Overlord  
  61  4:37  Evolution Chamber x2  
  59  4:39  Overlord x2  
  59  4:47  Overlord  
  59  4:48  Overlord  
  58  5:00  Baneling x5  
  58  5:01  Zergling x12  
  58  5:04  Zerg Melee Weapons Level 1  
  64  5:09  Zerg Ground Armor Level 1  
  64  5:20  Zergling x14  
  71  5:22  Baneling x3  
  71  5:23  Baneling  
  71  5:24  Baneling  
  70  5:31  Zergling x10  
  64  5:43  Zergling x12  
  67  5:50  Overlord  
  67  5:52  Drone  
  67  5:53  Drone x3  
  69  5:58  Drone  
  69  6:01  Zerg Flyer Weapons Level 1  
  70  6:05  Centrifical Hooks  
  70  6:06  Drone  
  70  6:07  Drone x2  
  73  6:14  Overlord  
  73  6:17  Drone x2  
  75  6:23  Drone x3  
  77  6:36  Mutalisk x6  
  89  6:40  Overlord, Extractor  
  88  6:47  Drone x3  
  88  6:50  Extractor, Hatchery  
  89  6:55  Mutalisk x2  
  92  7:04  Mutalisk  
  93  7:09  Queen x3  
  93  7:15  Mutalisk  
  95  7:23  Drone  
  95  7:24  Drone x6  
  102  7:31  Zerg Melee Weapons Level 2  
  102  7:34  Drone x5  
  107  7:46  Zerg Ground Armor Level 2  
  107  8:03  Unknown, Hatchery  
  107  8:04  Mutalisk x2  
  109  8:06  Overlord x3  
  109  8:14  Zergling x20  
  119  8:21  Drone x8  
  127  8:29  Infestation Pit  
  126  8:43  Pneumatized Carapace  
  126  8:44  Drone x2  
  126  8:45  Drone x13  
  141  8:52  Overlord x2  
  139  9:14  Hydralisk Den  
  138  9:19  Drone x13  
  151  9:24  Hatchery  
  151  9:26  Hive  
  151  9:28  Baneling x24  
  151  9:29  Baneling x3  
  151  9:30  Baneling x11  
  150  9:37  Extractor  
  149  9:39  Extractor  
  149  9:42  Drone x3  
  149  9:43  Drone x3  
  149  9:54  Hatchery  
  149  9:57  Zergling x44  
  156  10:15  Overlord x3  
  156  10:25  Baneling x19  
  156  10:27  Baneling x18, Hatchery  
  153  10:36  Baneling x7  
Show
View Real Time Build Order
Export as new Build Order

Angry Terran 

Build Orders: Hellion Opening, Reaper Expand 

Get SALT Encoding   

  12  0:00  SCV  
  13  0:12  SCV  
  14  0:17  Supply Depot  
  14  0:25  SCV  
  15  0:39  SCV  
  15  0:42  Barracks  
  16  0:45  Refinery  
  16  0:51  SCV  
  17  1:03  SCV  
  18  1:15  SCV  
  19  1:29  Orbital Command  
  19  1:30  Reaper  
  20  1:41  Command Center  
  20  1:49  Supply Depot  
  20  1:55  SCV  
  21  2:02  Marine  
  21  2:07  SCV  
  23  2:13  Factory  
  23  2:17  Refinery  
  23  2:19  SCV  
  24  2:24  Barracks Reactor  
  24  2:31  SCV  
  25  2:43  SCV  
  26  2:54  Orbital Command  
  26  2:56  SCV  
  27  3:04  Starport  
  27  3:08  SCV  
  27  3:09  Barracks Tech Lab, Hellion x2  
  32  3:20  SCV  
  32  3:24  SCV  
  33  3:28  Marauder  
  33  3:30  Hellion x2  
  39  3:37  Supply Depot  
  39  3:42  Viking  
  41  3:49  Marauder  
  41  3:53  Hellion  
  41  3:54  Hellion  
  46  4:04  SCV x2, Supply Depot  
  46  4:08  Armory  
  48  4:12  Marauder, Medivac  
  52  4:20  SCV x2  
  52  4:21  Concussive Shells  
  54  4:26  Hellion x2  
  58  4:34  Supply Depot  
  58  4:35  Marauder  
  58  4:37  SCV x2  
  62  4:50  Fusion Core  
  62  4:56  SCV x2  
  64  5:04  Supply Depot  
  64  5:06  Command Center  
  64  5:08  SCV  
  64  5:11  Engineering Bay  
  65  5:20  Refinery x2  
  65  5:22  Starport Tech Lab  
  65  5:34  SCV  
  65  5:35  SCV  
  50  5:44  Battlecruiser  
  50  5:47  SCV x2  
  48  5:59  SCV x2, Supply Depot  
  48  6:01  Hellion x2  
  52  6:11  SCV x2  
  54  6:16  Terran Vehicle Weapons Level 1  
  54  6:17  Weapon Refit  
  54  6:18  Orbital Command  
  54  6:23  SCV  
  54  6:25  Hellion x2  
  58  6:38  Supply Depot  
  57  6:44  Supply Depot  
  57  6:45  SCV x2  
  59  6:53  SCV  
  60  7:00  SCV x2  
  60  7:05  SCV  
  61  7:12  SCV x2  
  63  7:15  Missile Turret  
  63  7:17  Missile Turret, SCV  
  63  7:21  Thor  
  64  7:24  SCV  
  65  7:31  Supply Depot  
  65  7:33  Missile Turret  
  65  7:34  Battlecruiser  
  71  7:37  Supply Depot  
  71  7:38  SCV  
  71  7:43  Factory  
  72  7:45  Barracks Tech Lab, Factory  
  72  7:46  SCV  
  72  7:47  SCV  
  74  7:51  Missile Turret  
  74  7:52  SCV  
  75  8:03  SCV  
  75  8:04  Thor  
  77  8:11  SCV  
  78  8:16  SCV  
  78  8:20  Infernal Pre-Igniter  
  78  8:23  SCV  
  79  8:29  SCV, Hellion x2  
  79  8:32  Orbital Command  
  84  8:35  SCV  
  84  8:36  Missile Turret  
  85  8:41  Terran Vehicle Weapons Level 2  
  85  8:42  Supply Depot  
  85  8:43  Supply Depot  
  85  8:47  SCV x2, Siege Tank  
  90  8:51  Supply Depot  
  90  8:53  Supply Depot  
  90  8:54  Refinery  
  90  8:55  Supply Depot  
  90  8:59  Refinery, SCV  
  91  9:07  Siege Tank  
  91  9:09  Missile Turret  
  94  9:15  Hellion x2, SCV  
  94  9:16  SCV x2  
  101  9:28  Thor, SCV  
  101  9:29  SCV  
  109  9:32  SCV, Supply Depot  
  109  9:37  Orbital Command  
  110  9:40  SCV, Missile Turret  
  110  9:41  SCV  
  113  9:52  Orbital Command, SCV  
  113  9:54  SCV  
  96  10:04  SCV  
  96  10:06  SCV  
  102  10:07  Refinery  
  102  10:11  Missile Turret  
  101  10:15  Missile Turret  
  101  10:16  SCV  
  101  10:17  SCV  
  101  10:18  SCV  
  104  10:23  Siege Tank x2  
  104  10:24  Supply Depot x2  
  109  10:28  SCV  
  109  10:29  SCV  
  109  10:30  SCV  
  106  10:40  SCV  
  106  10:41  SCV  
  106  10:42  SCV  
  111  10:46  Missile Turret  
Tags
 
Add a new tag
Caveats
  • Supply blocks, unpowered buildings, or Contaminate may cause inaccurate times.
  • Supply counts are checked every 10 seconds.